 Dungeon Crawl Stone Soup version 0.25-a0-589-g1e14c549ee (webtiles) character file.

Game seed: 10894356093105837486, levelgen mode: deterministic

1867 kae the Agent of Entropy (level 8, -2/64 HPs)
             Began as a Demonspawn Abyssal Knight on Mar 11, 2020.
             Was a Priest of Lugonu.
             Killed from afar by an electric eel (11 damage)
             ... with a bolt of electricity
             ... on level 6 of the Dungeon.
             The game lasted 00:04:26 (6779 turns).

kae the Agent of Entropy (DsAK)                     Turns: 6779, Time: 00:04:27

Health: -2/64      AC:  4    Str: 14      XL:     8   Next: 90%
Magic:  13/13      EV: 11    Int: 15      God:    Lugonu [***...]
Gold:   394        SH:  0    Dex:  9 (12) Spells: 7/7 levels left

rFire    + . .     SeeInvis .   a - +2 mace (venom)
rCold    . . .     Gourm    .   (no shield)
rNeg     . . .     Faith    .   b - +1 leather armour
rPois    .         Spirit   .   (no helmet)
rElec    .         Reflect  .   (no cloak)
rCorr    .         Harm     .   (no gloves)
MR       .....                  (no boots)
Stlth    ++........             (no amulet)
HPRegen  0.20/turn              l - ring of wizardry
MPRegen  0.13/turn              k - ring of stealth

@: no status effects
A: hooves 2, fire resistance 1, spiny 2, sturdy frame 2
a: Depart the Abyss, Bend Space, Banish, Renounce Religion


You were on level 6 of the Dungeon.
You worshipped Lugonu.
Lugonu was most pleased with you.
You were very hungry.

You visited 1 branch of the dungeon, and saw 6 of its levels.
You visited the Abyss 1 time.

You collected 394 gold pieces.

Inventory:

Hand Weapons
 a - a +2 mace of venom (weapon)
Armour
 b - a +1 leather armour (worn)
Jewellery
 k - a ring of stealth (right hand)
 l - a ring of wizardry (left hand)
 s - an uncursed ring of wizardry
Scrolls
 f - 3 scrolls of teleportation
 g - 3 scrolls of identify
 j - 3 scrolls of fog
 n - a scroll of magic mapping {unknown}
 o - 2 scrolls of fear
 p - 2 scrolls of enchant armour
 v - a scroll of remove curse
Potions
 d - a potion of berserk rage {unknown}
 e - 2 potions of haste
 h - 4 potions of flight
 i - 3 potions of ambrosia
 m - 2 potions of curing {unknown}
Comestibles
 c - 9 rations


   Skills:
 + Level 5.9 Fighting
 * Level 6.9 Maces & Flails
 + Level 5.0 Armour
 - Level 0.8 Dodging
 + Level 7.1 Invocations


You had 7 spell levels left.
You didn't know any spells.
Your spell library was empty.

Dungeon Overview and Level Annotations

Branches:
Dungeon (6/15)             Temple (0/1) D:5

Altars:
Cheibriados
Gozag
Hepliaklqana
Kikubaaqudgha
Makhleb
Okawaru
Uskayaw
Wu Jian
Yredelemnul
Zin

Shops:
D:6 :


Innate Abilities, Weirdness & Mutations

You have hoof-like feet.
Your flesh is heat resistant. (rF+)
You are mostly covered in sharp spines.
Your movements are less encumbered by armour. (ER -4)


Message History

The electric eel shoots out a bolt of lightning at you!
The bolt of electricity hits you! The bolt of electricity misses you.
You are too injured to fight recklessly!
You are too injured to fight recklessly!
You are too injured to fight recklessly!
You are too injured to fight recklessly!
You are too injured to fight recklessly!
You are too injured to fight recklessly!
You thump the electric eel!
The electric eel is poisoned.
The electric eel is heavily wounded.
The electric eel shoots out a bolt of lightning at you!
The bolt of electricity hits the electric eel.
The electric eel completely resists.
The bolt of electricity hits you!
The electric eel shoots out a bolt of lightning at you!
The bolt of electricity hits you! x2
* * * LOW HITPOINT WARNING * * *
The electric eel shoots out a bolt of lightning at you!
The bolt of electricity hits the electric eel.
The electric eel completely resists.
The bolt of electricity hits you!
You die...

.......8....######.......##....##
.....#..#...# ######.###....#
......###...# #........#
....#.......# #......####
............# ####### #..........
.........######...≈≈###..........
.......######≈..####≈##(###......
.....#.##..≈≈≈##'..##.#...').....
8....#.#..#####.@...#.#.###÷.....
8....#.## #.....#.#.##.......
.....#..# #P;.P.#.#....###...
.....##.#.....#.P;P.#≈#.##+###...
.....##.#.≈.P.#)!≈!≈#≈#.#...#....
.....##.#.P.P[#;≈.≈≈#≈#.#...#....
...#....#.$(≈≈##≈≈≈##≈#.#...#....
........#≈;)≈≈######≈##.#...#....
####....##;≈≈##≈....##..#...##...


You could see 3 electric eels.

Vanquished Creatures
  Pikel (D:6)
  A shadow (D:6)
  A black bear (D:6)
  A slave (D:6)
  A hornet zombie (D:6)
  An ogre (D:6)
  2 scorpions
  2 howler monkeys
  A crimson imp (D:5)
  A centaur zombie (D:6)
  A quasit (D:6)
  5 bullfrog zombies (D:6)
  2 centaur skeletons (D:4)
  A hound (D:5)
  A jelly (D:6)
  2 orc wizards
  A bullfrog skeleton (D:6)
  An orc priest (D:4)
  Terence (D:3)
  An iguana (D:5)
  A worker ant (D:4)
  4 hound zombies (D:6)
  Robin (D:3)
  8 adders
  A howler monkey skeleton (D:6)
  An adder zombie (D:6)
  2 worms (D:3)
  2 dart slugs
  4 leopard geckos
  10 orcs
  3 bats
  3 giant cockroaches
  14 goblins
  7 hobgoblins
  6 jackals
  A quokka (D:5)
  A ball python (D:1)
  A frilled lizard (D:5)
  3 giant cockroach zombies (D:6)
  7 kobolds
  4 rats
112 creatures vanquished.

Vanquished Creatures (others)
  A slave (D:6)
  A crimson imp (D:6)
  2 orcs (D:6)
4 creatures vanquished.

Grand Total: 116 creatures vanquished

Notes
Turn   | Place    | Note
-------+----------+-------------------------------------------
     0 | Abyss:1  | kae the Demonspawn Abyssal Knight began the quest for the
                  | Orb.
     0 | Abyss:1  | Reached XP level 1. HP: 18/18 MP: 2/2
    55 | Abyss:1  | Noticed a large abomination
    56 | D:1      | Escaped the Abyss
   202 | D:1      | Reached * piety under Lugonu
   485 | D:1      | Gained mutation: You have large cloven feet. [demonic
                  | ancestry]
   485 | D:1      | Reached XP level 2. HP: 24/24 MP: 4/4
   584 | D:1      | Found a snail-covered altar of Cheibriados.
  1212 | D:2      | Found an opulent altar of Gozag.
  1224 | D:2      | Reached skill level 3 in Invocations
  1224 | D:2      | Gained mutation: Your movements are slightly less
                  | encumbered by armour. (ER -2) [demonic ancestry]
  1224 | D:2      | Reached XP level 3. HP: 16/29 MP: 5/5
  1620 | D:2      | HP: 1/29 [poisoned by an adder]
  2277 | D:2      | Gained mutation: You are partially covered in sharp spines.
                  | [demonic ancestry]
  2277 | D:2      | Reached XP level 4. HP: 30/35 MP: 6/6
  2830 | D:3      | Found an iron altar of Okawaru.
  2860 | D:3      | Noticed Robin
  2864 | D:3      | Reached ** piety under Lugonu
  2871 | D:3      | Killed Robin
  2953 | D:3      | Noticed Terence
  2965 | D:3      | Killed Terence
  2965 | D:3      | Gained mutation: Your movements are less encumbered by
                  | armour. (ER -4) [demonic ancestry]
  2965 | D:3      | Reached XP level 5. HP: 35/42 MP: 7/7
  3342 | D:4      | HP: 1/42 [orc wizard/magic dart (5)]
  3347 | D:4      | HP: 1/42 [orc priest/divine providence (11)]
  3348 | D:4      | Reached skill level 4 in Invocations
  3571 | D:4      | Gained mutation: You are mostly covered in sharp spines.
                  | [demonic ancestry]
  3571 | D:4      | Reached XP level 6. HP: 34/48 MP: 9/9
  4389 | D:5      | Entered Level 5 of the Dungeon
  4798 | D:5      | Found a staircase to the Ecumenical Temple.
  4969 | D:5      | Found a hazy altar of Hepliaklqana.
  4969 | D:5      | Found an ancient bone altar of Kikubaaqudgha.
  4974 | D:5      | Found an ornate altar of the Wu Jian Council.
  4976 | D:5      | Found a burning altar of Makhleb.
  4978 | D:5      | Found a basalt altar of Yredelemnul.
  4980 | D:5      | Gained mutation: Your flesh is heat resistant. (rF+)
                  | [demonic ancestry]
  4980 | D:5      | Reached XP level 7. HP: 53/55 MP: 10/10
  5073 | D:6      | Reached skill level 5 in Invocations
  5275 | D:6      | Reached skill level 5 in Maces & Flails
  5452 | D:6      | Found Ceolouhu's Book Shop.
  5532 | D:6      | Noticed Pikel
  5536 | D:6      | Found a hide-covered altar of Uskayaw.
  5563 | D:6      | Killed Pikel
  5563 | D:6      | Reached skill level 5 in Fighting
  5563 | D:6      | Reached skill level 6 in Invocations
  5563 | D:6      | Gained mutation: You have hoof-like feet. [demonic
                  | ancestry]
  5563 | D:6      | Reached XP level 8. HP: 23/63 MP: 12/12
  5593 | D:6      | Found a glowing silver altar of Zin.
  6036 | D:6      | Reached *** piety under Lugonu
  6702 | D:6      | Reached skill level 5 in Armour
  6702 | D:6      | Reached skill level 7 in Invocations
  6779 | D:6      | Killed from afar by an electric eel

Levels and vault maps discovered:
D:1:      lemuel_arrival_funnel, layout_basic, cheibriados_altar_1
D:2:      layout_rooms, grunt_gozag_statues, chequers_serial_rivers_micro_b,
          minmay_misc_feat_square
D:3:      layout_rooms, serial_rivers, chequers_serial_rivers_room_a,
          chequers_serial_rivers_small_a, chequers_serial_rivers_small_a,
          chequers_serial_rivers_large_b, okawaru_gym_becter, uniq_terence,
          uniq_robin
D:4:      layout_basic, first_ration
D:5:      layout_rooms, chequers_temple_overflow_minitemple,
          minmay_temple_entry_mini_moons, chequers_serial_rivers_room_b
D:6:      cheibrodos_two_vegetables, layout_basic, overflow_temple_1_default,
          lemuel_coloured_pillars_altar, kennysheep_mini, serial_undead,
          serial_undead_e, serial_undead_b, serial_undead_b, serial_undead_d,
          serial_undead_d, serial_undead_f, serial_undead_b, serial_shops,
          nicolae_shop_statue_plus, minivault_11, uniq_pikel

Skill      XL: |  1  2  3  4  5  6  7  8 |
---------------+-------------------------+-----
Maces & Flails | 2 3 4 6 |  6.9
Armour         | 2 3 4 5 |  5.0
Invocations    | 3 4 6 7 |  7.1
Fighting       | 4 5 |  5.9
Dodging        | |  0.8

Action                   |  1- 3 |  4- 6 |  7- 9 || total
-------------------------+-------+-------+-------++-------
Melee: Mace              |    96 |   122 |   100 ||   318
       Kick              |     9 |    23 |    22 ||    54
Invok: Depart the Abyss  |     1 |       |       ||     1
       Bend Space        |       |       |     3 ||     3
  Use: Scroll            |       |     9 |     5 ||    14
       Potion            |       |     2 |     3 ||     5
  Eat: Chunk             |     4 |     6 |     4 ||    14
       Ration            |       |     1 |       ||     1
Armor: Leather armour    |    29 |    26 |    25 ||    80
Dodge: Dodged            |    76 |    60 |    63 ||   199

Table legend:
 A = Non-vault XP
 B = Vault XP
 C = Vault XP percentage of total XP
 D = Non-vault monster count
 E = Vault monster count
 F = Vault count percentage of total count
                 A         B        C        D         E       F
            +---------+---------+-------+---------+---------+-------
      Total |    1144 |    1524 |  57.1 |      84 |      27 |  24.3
            +---------+---------+-------+---------+---------+-------
        D:1 |      28 |       0 |   0.0 |      16 |       0 |   0.0
        D:2 |      79 |       0 |   0.0 |      20 |       0 |   0.0
        D:3 |      52 |      64 |  55.2 |      15 |       9 |  37.5
        D:4 |     273 |       0 |   0.0 |      10 |       0 |   0.0
        D:5 |     269 |       0 |   0.0 |      11 |       0 |   0.0
        D:6 |     443 |    1460 |  76.7 |      12 |      18 |  60.0
            +---------+---------+-------+---------+---------+-------
